 Dungeon Crawl Stone Soup version 0.19-a0-1568-gdd01aac (webtiles) character file.

14 st0uf the Ruffian (level 2, -2/25 HPs)
             Began as a Naga Transmuter on Sept 15, 2016.
             Slain by Natasha (8 damage)
             ... on level 2 of the Dungeon.
             The game lasted 00:03:21 (984 turns).

st0uf the Ruffian (Naga Transmuter)                  Turns: 984, Time: 00:03:22

Health: -2/25      AC:  1    Str: 12    XL:     2   Next: 45%
Magic:  2/5        EV: 10    Int: 13    God:
Gold:   55         SH:  0    Dex: 11    Spells: 2 memorised, 2 levels left

rFire  . . .     SeeInvis +       - Unarmed
rCold  . . .     Gourm    +     b - +0 robe
rNeg   . . .     Faith    .     (no shield)
rPois  +         Spirit   .     (no helmet)
rElec  .         Dismiss  .     (no cloak)
rCorr  .         Reflect  .     (no gloves)
MR     .....     Harm     .     (no barding)
Stlth  +.........               f - amulet of the gourmand
                                (no ring)
                                (no ring)

@: short of breath, appendage, slowed, very slow
A: horns 2, see invisible, deformed body, poison resistance, slowness 2, slow
metabolism 1, spit poison 1, AC +0
a: Spit Poison, End Transformation


You were on level 2 of the Dungeon.
You were very full.
You had grown temporary horns.
You visited 1 branch of the dungeon, and saw 2 of its levels.

You collected 55 gold pieces.

Inventory:

Missiles
 a - 33 arrows
Armour
 b - a +0 robe (worn)
Jewellery
 f - an amulet of the gourmand (around neck)
Scrolls
 e - a scroll of blinking {unknown}
 g - a scroll of noise {unknown}
 h - a scroll of enchant weapon {unknown}
Potions
 j - a potion of might {unknown}
 k - a potion of cure mutation {unknown}
 l - a potion of berserk rage {unknown}
 m - a potion of agility {unknown}
Books
 c - a book of Changes

   Spells                             Type                      Level
   a - Beastly Appendage              Transmutation                1
   b - Sticks to Snakes               Transmutation                2
   c - Spider Form                    Transmutation/Poison         3
   d - Ice Form                       Ice/Transmutation            4
   e - Blade Hands                    Transmutation                5
Comestibles
 d - a bread ration
 i - a meat ration


   Skills:
 - Level 1.0 Fighting
 - Level 1.5 Dodging
 - Level 3.0 Unarmed Combat
 + Level 2.2 Spellcasting
 * Level 2.8 Transmutations


You had 2 spell levels left.
You knew the following spells:

 Your Spells              Type           Power        Failure   Level  Hunger
a - Beastly Appendage     Tmut           #.....       10%         1    ##.....
b - Sticks to Snakes      Tmut           #.......     14%         2    ###....


Dungeon Overview and Level Annotations

Branches:
Dungeon (2/15)

Altars:

Annotations:
D:2 Natasha


Innate Abilities, Weirdness & Mutations

You cannot wear boots.
Your serpentine skin is tough. (AC +0)
You have supernaturally acute eyesight. (SInv)
Armour fits poorly on your strangely shaped body.
Your system is resistant to poisons. (rPois)
You cover ground very slowly.
You have a slow metabolism.
You can spit poison.
You have a pair of horns on your head.


Message History

The splash of poison hits Natasha.
Natasha is poisoned.
Natasha is heavily wounded.
You feel slightly less full. Natasha claws you!
Casting: Beastly Appendage
Confirm with . or Enter, or press ? or * to list all spells.
You create a snake!
You now have 33 arrows.
Natasha claws you.
Casting: Sticks to Snakes
Confirm with . or Enter, or press ? or * to list all spells.
You grow a pair of large bovine horns.
Natasha claws you.
* * * LOW HITPOINT WARNING * * *
You closely miss Natasha.
Natasha is heavily wounded.
Natasha stares at you and mumbles some strange words.
You feel yourself slow down.
Your ball python closely misses Natasha. x2
Unknown command.
You completely miss Natasha.
Natasha is heavily wounded.
Natasha claws you!
You die...

####### #.....#
#.###.# #
#.###.## +.
#.##...#
#.####.##...###
#......S@.....#
#.##.#..h......#
#.#...#####.#
#h#...# .#
#.#>..# ..
......# ##
......# ........
.....


You could see Natasha and a friendly ball python.

Vanquished Creatures
  A leopard gecko (D:1)
  5 goblins (D:1)
  3 bats (D:1)
  A frilled lizard (D:1)
  A kobold (D:1)
  3 rats (D:1)
14 creatures vanquished.

Notes
Turn   | Place    | Note
-------+----------+-------------------------------------------
     0 | D:1      | st0uf the Naga Transmuter began the quest for the Orb.
     0 | D:1      | Reached XP level 1. HP: 18/18 MP: 3/3
   307 | D:1      | Reached XP level 2. HP: 18/25 MP: 3/5
   683 | D:2      | Noticed Natasha
   699 | D:1      | Learned a level 2 spell: Sticks to Snakes
   984 | D:2      | Slain by Natasha

Vault maps used:
D:1:      minmay_arrival_glassed_features, st_stairs_1
D:2:      minmay_overflow_temple_hex, ecumenical_altar_1, dk_noncrumbling_4,
          grunt_dithmenos_smoke_and_mirrors, uniq_natasha

Action                   || total
-------------------------++-------
Melee: Unarmed           ||    37
       Headbutt          ||     1
       Punch             ||     1
 Cast: Beastly Appendage ||    11
       Sticks to Snakes  ||     1
 Abil: Spit Poison       ||    16
  Eat: Chunk             ||     8
Armor: Robe              ||    16
Dodge: Dodged            ||    34
